Map: Kairos Junction LE

Players

Closer

  • Race: Zerg Zerg
  • League: Diamond
  • Spawn Location: 11:00

FLORENCIO - Winner!

  • Race: Protoss Protoss
  • League: Diamond
  • Spawn Location: 5:00

VOD

Have the link to the VOD?

Description

Time

  • Played on: May 30, 2019, 3:51 p.m.
  • Length: 16:22
Show
View Real Time Build Order
Export as new Build Order

Closer Zerg 

Build Orders: Pool First 

Get SALT Encoding   

  12  0:01  Drone  
  13  0:12  Overlord  
  13  0:16  Drone  
  14  0:30  Drone x2  
  14  0:34  Drone  
  17  0:46  Drone  
  18  1:10  Spawning Pool  
  17  1:12  Hatchery  
  17  1:14  Drone  
  17  1:15  Drone  
  17  1:18  Extractor  
  17  1:27  Extractor  
  17  1:29  Drone  
  17  1:43  Drone x2  
  19  1:54  Drone  
  19  1:59  Roach Warren  
  18  2:32  Overlord x2  
  18  2:39  Roach x2  
  22  2:45  Roach  
  24  2:52  Queen, Drone x2  
  24  2:56  Roach  
  30  3:08  Roach  
  30  3:10  Ravager  
  30  3:12  Ravager x2  
  35  3:26  Ravager  
  28  4:32  Lair  
  28  4:33  Drone x2  
  28  4:37  Hatchery  
  29  5:08  Overlord x2  
  26  5:32  Pneumatized Carapace  
  23  5:40  Hydralisk Den  
  22  5:49  Queen  
  24  5:56  Spore Crawler, Drone x3  
  26  5:57  Overlord  
  26  5:58  Overlord  
  26  6:03  Overlord  
  26  6:04  Overlord  
  26  6:09  Hydralisk  
  26  6:10  Hydralisk x4  
  36  6:11  Hydralisk  
  36  6:14  Queen  
  40  6:22  Hydralisk  
  40  6:24  Hydralisk  
  44  6:33  Hydralisk  
  46  6:44  Overlord  
  46  6:52  Queen  
  46  6:53  Hydralisk  
  50  7:03  Queen  
  52  7:10  Hydralisk  
  50  7:35  Hydralisk x2  
  50  7:36  Hydralisk x2  
  58  7:47  Nydus Network  
  51  8:29  Nydus Canal  
  45  8:36  Hydralisk  
  45  8:37  Hydralisk x6  
  45  8:53  Hydralisk x2  
  49  9:18  Hatchery  
  46  9:29  Spore Crawler  
  45  9:42  Hydralisk x2  
  49  9:58  Hydralisk x2  
  53  10:45  Hydralisk  
  53  10:46  Hydralisk x3  
  61  11:00  Drone  
  61  11:01  Drone  
  61  11:27  Hydralisk x2  
  61  11:40  Nydus Canal  
  53  11:50  Hydralisk  
  53  11:51  Hydralisk  
  41  12:51  Hatchery  
  40  13:05  Hydralisk x3  
  44  13:26  Hydralisk  
  44  13:27  Hydralisk x4  
  50  14:36  Hatchery  
  49  14:47  Overseer  
  49  15:26  Nydus Canal  
  49  15:32  Zergling x2  
  49  15:33  Zergling x14  
Show
View Real Time Build Order
Export as new Build Order

FLORENCIO Protoss - Winner!

Build Orders: Cannon Rush 

Get SALT Encoding   

  12  0:01  Probe  
  13  0:12  Probe  
  14  0:20  Probe, Pylon  
  15  0:36  Probe  
  15  0:40  Forge  
  16  0:58  Gateway  
  16  1:02  Probe  
  16  1:09  Pylon  
  16  1:10  Probe  
  18  1:28  Photon Cannon  
  18  1:29  Photon Cannon  
  18  1:40  Photon Cannon  
  18  1:49  Pylon  
  18  1:54  Assimilator  
  18  2:05  Probe  
  18  2:07  Photon Cannon  
  19  2:15  Photon Cannon  
  18  2:30  Cybernetics Core  
  18  2:36  Probe  
  18  2:37  Assimilator  
  18  2:44  Probe  
  20  2:54  Probe  
  21  3:06  Probe  
  21  3:12  Photon Cannon  
  22  3:13  Stalker  
  22  3:22  Pylon  
  24  3:27  Pylon  
  24  3:37  Photon Cannon  
  24  3:52  Photon Cannon, Shield Battery  
  24  4:05  Stargate  
  24  4:06  Pylon  
  17  4:38  Void Ray  
  19  5:12  Probe  
  20  5:24  Probe  
  21  5:33  Void Ray  
  25  5:37  Probe  
  26  5:59  Probe  
  27  6:12  Probe  
  28  6:22  Probe  
  29  6:30  Probe  
  29  6:38  Nexus  
  30  6:49  Probe  
  30  6:52  Oracle  
  34  7:23  Void Ray  
  34  7:30  Shield Battery  
  34  7:31  Shield Battery  
  34  7:33  Pylon  
  38  7:46  Shield Battery  
  38  7:52  Probe  
  39  8:04  Probe  
  40  8:16  Probe  
  38  8:28  Probe  
  27  8:55  Void Ray  
  23  9:00  Probe  
  28  9:03  Probe  
  28  9:05  Pylon  
  29  9:12  Probe  
  29  9:17  Fleet Beacon  
  30  9:32  Probe  
  31  9:49  Tempest  
  37  10:07  Probe  
  37  10:08  Probe  
  37  10:11  Assimilator  
  38  10:19  Forge  
  38  10:20  Probe  
  39  10:32  Tempest  
  44  11:08  Tempest  
  44  11:10  Probe  
  44  11:13  Pylon  
  44  11:15  Pylon  
  50  11:18  Probe  
  51  11:46  Probe  
  51  11:48  Probe, Tempest  
  58  11:54  Probe  
  58  11:56  Probe  
  55  12:34  Photon Cannon x2  
  55  12:36  Photon Cannon  
  55  12:37  Pylon  
  55  12:50  Assimilator  
  55  12:54  Gateway  
  55  12:59  Pylon  
  55  13:00  Pylon  
  55  13:03  Pylon  
  55  13:04  Photon Cannon  
  55  13:29  Pylon  
  41  14:24  Cybernetics Core  
  41  14:31  Pylon  
  41  14:32  Probe  
  42  14:40  Probe  
  43  14:53  Photon Cannon  
  43  14:54  Pylon  
  43  15:05  Robotics Facility x2  
  43  15:13  Oracle  
  46  15:24  Nexus  
  46  15:30  Pylon  
  46  15:35  Shield Battery  
  46  15:38  Shield Battery  
Tags
 
Add a new tag
Caveats
  • Supply blocks, unpowered buildings, or Contaminate may cause inaccurate times.
  • Supply counts are checked every 10 seconds.